 Dungeon Crawl Stone Soup version 0.25-a0-265-g7af84ae0ac (webtiles) character file.

Game seed: 8715018211309083877, levelgen mode: deterministic

199 Redear the Skirmisher (level 5, -8/37 HPs)
             Began as an Octopode Fighter on Dec 8, 2019.
             Killed from afar by an orc wizard (11 damage)
             ... with a puff of frost
             ... on level 3 of the Dungeon.
             The game lasted 00:02:17 (1764 turns).

Redear the Skirmisher (Octopode Fighter)            Turns: 1764, Time: 00:02:18

Health: -8/37      AC:  1    Str: 15    XL:     5   Next: 77%
Magic:  1/1        EV: 12    Int: 16    God:
Gold:   86         SH:  9    Dex: 12    Spells: 4/4 levels left

rFire    . . .     SeeInvis .   d - +2 whip (antimagic)
rCold    . . .     Gourm    .   b - +0 shield
rNeg     . . .     Faith    .   (helmet restricted)
rPois    .         Spirit   .   (no amulet)
rElec    .         Reflect  .   (no ring)
rCorr    .         Harm     .   (no ring)
MR       .....                  (no ring)
Stlth    +++.......             (no ring)
HPRegen  0.12/turn              (no ring)
MPRegen  0.07/turn              (no ring)
                                (no ring)
                                (no ring)

@: brilliant
A: almost no armour, stealthy swim, amphibious, 8 rings, constrict 8, camouflage
1, gelatinous body 1
a: no special abilities


You were on level 3 of the Dungeon.
You were not hungry.

You visited 1 branch of the dungeon, and saw 3 of its levels.

You collected 86 gold pieces.

Inventory:

Hand Weapons
 a - a +0 long sword
 d - a +2 antimagic whip (weapon)
Armour
 b - a +0 shield (worn)
Jewellery
 h - a +2 amulet of reflection
 o - an uncursed ring of flight {unknown}
Scrolls
 e - a scroll of blinking {unknown}
 f - a scroll of fear {unknown}
 g - a scroll of teleportation {unknown}
 i - a scroll of enchant weapon {unknown}
 j - 2 scrolls of remove curse {unknown}
 k - 3 scrolls of amnesia {unknown}
 m - a scroll of magic mapping {unknown}
 p - a scroll of fog {unknown}
 q - a scroll of noise {unknown}
 t - a scroll of immolation {unknown}
Potions
 c - a potion of might {Str+5 DMG+1d10 | @q3}
 s - a potion of degeneration {unknown}
Comestibles
 z - 3 rations


   Skills:
 + Level 4.0 Fighting
 - Level 2.0 Long Blades
 + Level 4.0 Dodging
 + Level 3.6 Stealth
 + Level 4.0 Shields


You had 4 spell levels left.
You didn't know any spells.
Your spell library was empty.

Dungeon Overview and Level Annotations

Branches:
Dungeon (3/15)

Altars:
Dithmenos
Ru
Uskayaw


Innate Abilities, Weirdness & Mutations

You cannot wear most types of armour.
You are very stealthy in the water. (Stealth+)
You are amphibious.
You can wear up to eight rings at the same time.
You can use your tentacles to constrict eight enemies at once.
Your skin changes colour to match your surroundings (Stealth+).
Your rubbery body absorbs attacks. (AC +1, EV +1)


Message History

The puff of flame hits you!
You take 6 damage, and have 13/37 hp.
You hit the orc but do no damage. You grab the orc. You squeeze the orc.
The orc is moderately wounded.
You constrict the orc. You block the orc's attack.
You hit the orc.
You kill the orc!
Something barely misses you.
You closely miss something. Something hits you.
* * * LOW HITPOINT WARNING * * *
You hear some strange, mumbled words.
A magic dart appears from out of thin air!
The magic dart hits you!
* * * LOW HITPOINT WARNING * * *
You take 10 damage, and have 3/37 hp.
MASSIVE DAMAGE!!
It was a potion of magic.
Magic courses through your body.
You hear some strange, mumbled words.
A puff of frost appears from out of thin air!
The puff of frost hits you!
You die...

#.###'###.># #..........#
#######.##.# #..†.#
########.# #......... ######
#.######)# #....# #.# #<#
##### #@##.# #.# #.#
#...####)##.####.# #)#
#.o..#.....[......(.######.#
###.........##.###.........#
#...#########.###..(.......
...... ........)....########
.##... ##.....).....# #
..... ...####.###### ###...
########.#


There were no monsters in sight!

Vanquished Creatures
  An orc wizard (D:3)
  Natasha (D:3)
  8 adders (D:2)
  2 worms
  A dart slug (D:1)
  5 leopard geckos
  3 orcs (D:3)
  2 giant cockroaches
  6 hobgoblins
  8 kobolds
  A ball python (D:2)
  6 bats
  5 frilled lizards
  7 goblins
  7 rats
63 creatures vanquished.

Notes
Turn   | Place    | Note
-------+----------+-------------------------------------------
     0 | D:1      | Redear the Octopode Fighter began the quest for the Orb.
     0 | D:1      | Reached XP level 1. HP: 16/16 MP: 1/1
    46 | D:1      | Reached skill level 1 in Stealth
    46 | D:1      | Reached XP level 2. HP: 20/21 MP: 0/2
   264 | D:1      | Reached XP level 3. HP: 17/26 MP: 1/3
   469 | D:1      | Reached skill level 2 in Stealth
   760 | D:2      | Reached XP level 4. HP: 21/31 MP: 1/4
   859 | D:2      | Found a shadowy altar of Dithmenos.
  1178 | D:2      | Reached skill level 3 in Stealth
  1178 | D:2      | Reached XP level 5. HP: 24/37 MP: 1/5
  1520 | D:3      | Found a hide-covered altar of Uskayaw.
  1536 | D:3      | Noticed Natasha
  1542 | D:3      | Found a sacrificial altar of Ru.
  1548 | D:3      | Killed Natasha
  1744 | D:3      | HP: 1/37 [orc/+0 falchion (9)]
  1759 | D:3      | Reached skill level 4 in Fighting
  1759 | D:3      | Reached skill level 4 in Dodging
  1759 | D:3      | Reached skill level 4 in Shields
  1763 | D:3      | HP: 3/37 [something/magic dart (8)]
  1764 | D:3      | Killed from afar by an orc wizard

Levels and vault maps discovered:
D:1:      dpeg_arrival_shelter, layout_loops_ring, corner_web_ring
D:2:      layout_rooms, nicolae_dithmenos_shadow_blocks, first_ration,
          chequers_jeans, st_stairs_1
D:3:      layout_loops_ring, lemuel_doored_altar, hangedman_ru_absence,
          lemuel_crystal_altar, uniq_jessica, uniq_natasha

Skill      XL: |  1  2  3  4  5 |
---------------+----------------+-----
Stealth        | 1 2 3 |  3.6
Fighting       | 4 |  4.0
Dodging        | 4 |  4.0
Shields        | 4 |  4.0
Long Blades    | |  2.0

Action                   |  1- 3 |  4- 6 || total
-------------------------+-------+-------++-------
Melee: Long sword        |     7 |       ||     7
       Tentacles         |    16 |     9 ||    25
       Constrict         |    18 |    24 ||    42
       Whip              |    46 |    80 ||   126
  Use: Potion            |       |     3 ||     3
 Stab: Sleeping          |     8 |     7 ||    15
  Eat: Chunk             |       |     3 ||     3
Armor: Skin              |     2 |     6 ||     8
Dodge: Dodged            |    13 |    34 ||    47
Block: Shield            |    20 |    23 ||    43

Table legend:
 A = Non-vault XP
 B = Vault XP
 C = Vault XP percentage of total XP
 D = Non-vault monster count
 E = Vault monster count
 F = Vault count percentage of total count
                 A         B        C        D         E       F
            +---------+---------+-------+---------+---------+-------
      Total |     237 |      48 |  16.8 |      59 |       4 |   6.3
            +---------+---------+-------+---------+---------+-------
        D:1 |      51 |       0 |   0.0 |      28 |       0 |   0.0
        D:2 |     113 |      15 |  11.7 |      17 |       3 |  15.0
        D:3 |      73 |      33 |  31.1 |      14 |       1 |   6.7
            +---------+---------+-------+---------+---------+-------
